 Dungeon Crawl Stone Soup version 0.19.3 (webtiles) character file.

188 Monsterrace the Firebug (level 5, 0/28 HPs)
             Began as a Deep Elf Fire Elementalist on Jan 21, 2017.
             Was a Follower of Vehumet.
             Killed from afar by an orc wizard (2 damage)
             ... with a puff of flame
             ... on level 3 of the Dungeon on Jan 22, 2017.
             The game lasted 00:21:11 (3969 turns).

Monsterrace the Firebug (DEFE)                      Turns: 3969, Time: 00:21:11

Health: 0/28       AC:  4    Str:  5    XL:     5   Next: 39%
Magic:  1/13       EV: 13    Int: 27    God:    Vehumet [*.....]
Gold:   130        SH:  0    Dex: 15    Spells: 3 memorised, 4 levels left

rFire  + . .     SeeInvis .     h - +4 dagger (elec)
rCold  . . .     Gourm    .     a - +0 robe
rNeg   . . .     Faith    +     (no shield)
rPois  .         Spirit   .     (no helmet)
rElec  .         Reflect  .     m - +0 cloak
rCorr  .         Harm     .     (no gloves)
MR     .....                    v - +0 pair of boots
Stlth  ++........               q - amulet of faith
                                t - +6 ring of intelligence
                                s - ring of protection from fire

@: no status effects
A: no striking features
a: Renounce Religion


You were on level 3 of the Dungeon.
You worshipped Vehumet.
Vehumet was aware of your devotion.
You were very hungry.

You visited 1 branch of the dungeon, and saw 4 of its levels.

You collected 130 gold pieces.

Inventory:

Hand Weapons
 h - a +4 dagger of electrocution (weapon)
Armour
 a - a +0 robe (worn)
 m - a +0 cloak (worn)
 v - a +0 pair of boots (worn)
Jewellery
 q - an amulet of faith (around neck)
 s - a ring of protection from fire (left hand)
 t - a +6 ring of intelligence (right hand)
Scrolls
 d - a scroll of recharging {unknown}
 e - 3 scrolls of remove curse {unknown}
 g - 2 scrolls of immolation {unknown}
 i - a scroll of teleportation {unknown}
 j - 2 scrolls of magic mapping {unknown}
 k - a scroll of enchant weapon {unknown}
 l - 2 scrolls of noise {unknown}
 n - 2 scrolls of identify {unknown}
 o - a scroll of enchant armour {unknown}
 p - 2 scrolls of amnesia {unknown}
 r - a scroll of fear {unknown}
Books
 b - a book of Flames

   Spells                             Type                      Level
   a - Flame Tongue                   Conjuration/Fire             1
   b - Throw Flame                    Conjuration/Fire             2
   c - Conjure Flame                  Conjuration/Fire             3
   d - Inner Flame                    Hexes/Fire                   3
   e - Sticky Flame                   Conjuration/Fire             4
   f - Fireball                       Conjuration/Fire             5
Comestibles
 c - 6 bread rations
 f - 2 meat rations
 u - 3 fruits


   Skills:
 - Level 2.4 Dodging
 - Level 2.4 Stealth
 + Level 4.3 Spellcasting
 * Level 4.0 Conjurations
 * Level 4.7 Fire Magic


You had 4 spell levels left.
You knew the following spells:

 Your Spells              Type           Power        Failure   Level  Hunger
a - Flame Tongue          Conj/Fire      ####.        1%          1    None
b - Conjure Flame         Conj/Fire      ####....     4%          3    ##.....
c - Sticky Flame          Conj/Fire      ####....     17%         4    ####...


Dungeon Overview and Level Annotations

Branches:
Dungeon (4/15)
 Temple: D:4-7

Altars:
Dithmenos
Elyvilon
Qazlal
Sif Muna
Vehumet
Yredelemnul
Zin
The Shining One


Message History

Casting: Conjure Flame
Confirm with . or Enter, or press ? or * to list all spells.
Aiming: Flame Tongue
Press: ? - help, Shift-Dir - straight line The flame tongue hits something.
Something hits you but does no damage.
You barely miss something. Something hits you but does no damage.
You hit something but do no damage.
You hear some strange, mumbled words.
A magic dart appears from out of thin air!
The magic dart hits you!
* * * LOW HITPOINT WARNING * * *
You aren't carrying any potions.
You aren't carrying any potions.
You miss something. Something hits you.
* * * LOW HITPOINT WARNING * * *
You see here a club.
You hear some strange, mumbled words.
A puff of flame appears from out of thin air!
The puff of flame hits you! You resist.
You die...

####################
##............†.....##
###...#############.....
#.....)@.# #...#.
#.#...##.# #####.
##.##.###.########### #.
#...#.# #...........####.
#...#.#############......
####...#..>...####
#######
#................#
#.............##.#
#...).........##.##


There were no monsters in sight!

Vanquished Creatures
  An orc wizard (D:4)
  A worker ant (D:4)
  4 gnolls
  An adder (D:3)
  2 oozes
  2 dart slugs
  6 leopard geckos
  An orc (D:3)
  6 giant cockroaches
  11 goblins
  8 hobgoblins
  4 jackals (D:4)
  A quokka (D:4)
  A ball python (D:1)
  11 bats
  A frilled lizard (D:3)
  8 kobolds
  5 rats
74 creatures vanquished.

Vanquished Creatures (others)
  4 toadstools (D:1)
4 creatures vanquished.

Grand Total: 78 creatures vanquished

Notes
Turn   | Place    | Note
-------+----------+-------------------------------------------
     0 | D:1      | Monsterrace the Deep Elf Fire Elementalist began the quest for the Orb.
     0 | D:1      | Reached XP level 1. HP: 10/10 MP: 6/6
   240 | D:1      | Reached XP level 2. HP: 15/15 MP: 2/8
   254 | D:1      | Upgraded the game from 0.19.1-28-ge1247f7 to 0.19.3
   571 | D:1      | Reached XP level 3. HP: 19/19 MP: 6/10
   632 | D:1      | Gained mutation: Your system is resistant to poisons. (rPois) [potion of mutation]
   632 | D:1      | Gained mutation: You are somewhat resistant to further mutation. [potion of mutation]
   632 | D:1      | Gained mutation: Your movements are slightly less encumbered by armour. (ER -2) [potion of mutation]
   736 | D:1      | Lost mutation: You are somewhat resistant to further mutation. [potion of cure mutation]
   736 | D:1      | Lost mutation: Your movements are slightly less encumbered by armour. (ER -2) [potion of cure mutation]
   736 | D:1      | Lost mutation: Your system is resistant to poisons. (rPois) [potion of cure mutation]
   996 | D:1      | Learned a level 3 spell: Conjure Flame
  1924 | D:2      | Found a radiant altar of Vehumet.
  1932 | D:2      | Became a worshipper of Vehumet
  1940 | D:2      | Found a stormy altar of Qazlal.
  2009 | D:2      | Found a basalt altar of Yredelemnul.
  2132 | D:2      | Reached XP level 4. HP: 24/24 MP: 9/11
  2138 | D:2      | Learned a level 4 spell: Sticky Flame
  2797 | D:3      | Found a shadowy altar of Dithmenos.
  2797 | D:3      | Found a glowing silver altar of Zin.
  2797 | D:3      | Found a white marble altar of Elyvilon.
  2798 | D:3      | Found a deep blue altar of Sif Muna.
  2853 | D:3      | Found a faded altar of an unknown god.
  3572 | D:3      | Found a glowing golden altar of the Shining One.
  3639 | D:4      | Reached * piety under Vehumet
  3639 | D:4      | Offered knowledge of Freeze by Vehumet.
  3710 | D:4      | Reached XP level 5. HP: 27/28 MP: 6/13
  3969 | D:3      | Killed from afar by an orc wizard

Skill      XL: |  1  2  3  4  5 |
---------------+----------------+-----
Conjurations   | 2 3 4 |  4.0
Fire Magic     | 4 |  4.7
Spellcasting   | 4 |  4.3
Dodging        | |  2.4
Stealth        | |  2.4

Action                   |  1- 3 |  4- 6 || total
-------------------------+-------+-------++-------
Melee: Unarmed           |     6 |       ||     6
       Dagger            |     5 |     4 ||     9
 Cast: Flame Tongue      |    68 |    73 ||   141
       Conjure Flame     |       |     6 ||     6
  Use: Potion            |     4 |     3 ||     7
  Eat: Chunk             |     4 |       ||     4
       Bread ration      |       |     1 ||     1
Armor: Robe              |     7 |     9 ||    16
Dodge: Dodged            |    37 |    10 ||    47
